 Dungeon Crawl Stone Soup version 0.21.0-3-g78d12a8 (webtiles) character file.

42 letownia2 the Magician (level 3, -8/16 HPs)
             Began as a Vine Stalker Wizard on Jan 14, 2018.
             Mangled by an orc
             ... wielding a +1 hand axe of electrocution
              (15 damage)
             ... on level 3 of the Dungeon.
             The game lasted 00:02:25 (1139 turns).

letownia2 the Magician (Vine Stalker Wizard)        Turns: 1139, Time: 00:02:26

Health: -8/16      AC:  7    Str: 10    XL:     3   Next: 56%
Magic:  0/8        EV: 10    Int: 18    God:
Gold:   63         SH:  0    Dex: 12    Spells: 1/8 levels left

rFire    . . .     SeeInvis .   o - +2 dagger (drain)
rCold    . . .     Gourm    .   (no shield)
rNeg     . . .     Faith    .   k - +0 ring mail
rPois    .         Spirit   +   l - +0 helmet
rElec    .         Reflect  .   (no cloak)
rCorr    .         Harm     .   (no gloves)
MR       .....                  n - +0 pair of boots
Stlth    +.........             (no amulet)
HPRegen  0.05/turn              (no ring)
MPRegen  0.11/turn              (no ring)

@: no status effects
A: fangs 2, magic shield, antimagic bite, no potion heal 3, rot immunity
a: no special abilities


You were on level 3 of the Dungeon.
You were not hungry.

You visited 1 branch of the dungeon, and saw 3 of its levels.

You collected 63 gold pieces.

Inventory:

Hand Weapons
 f - a +0 dagger
 o - a +2 dagger of draining (weapon)
Armour
 a - a +0 robe
 b - a +0 hat
 i - a +0 scale mail
 k - a +0 ring mail (worn)
 l - a +0 helmet (worn)
 n - a +0 pair of boots (worn)
Jewellery
 e - an uncursed amulet of regeneration {unknown}
Wands
 m - a wand of iceblast (9)
Scrolls
 h - 5 scrolls of identify {unknown}
 j - 3 scrolls of remove curse {unknown}
 q - a scroll of teleportation {unknown}
Potions
 g - 2 potions of haste {unknown}
Books
 c - a book of Minor Magic

   Spells                             Type                      Level
   a - Magic Dart                     Conjuration                  1
   b - Blink                          Translocation                2
   c - Call Imp                       Summoning                    2
   d - Slow                           Hexes                        2
   e - Conjure Flame                  Conjuration/Fire             3
   f - Mephitic Cloud                 Conjuration/Poison/Air       3
Comestibles
 d - 4 rations


   Skills:
 + Level 0.2 Armour
 - Level 1.5 Dodging
 - Level 2.4 Stealth
 - Level 3.2 Spellcasting
 + Level 2.9 Conjurations
   Level 1.0 Summonings
   Level 1.0 Translocations
 + Level 0.3 Fire Magic
 + Level 0.5 Air Magic
 + Level 0.3 Poison Magic


You had one spell level left.
You knew the following spells:

 Your Spells              Type           Power        Failure   Level  Hunger
a - Magic Dart            Conj           ##..         12%         1    None
c - Conjure Flame         Conj/Fire      #.......     52%         3    ###....
e - Mephitic Cloud        Conj/Pois/Air  #.......     58%         3    ###....


Dungeon Overview and Level Annotations

Branches:
Dungeon (3/15)

Altars:
Nemelex Xobeh

Annotations:
D:2 exclusion: scorpion


Innate Abilities, Weirdness & Mutations

You have extremely sharp teeth.
When hurt, damage is shared between your health and your magic reserves.
Your bite disrupts and absorbs the magic of your enemies.
Potions cannot restore your health.
You are immune to rotting.


Message History

An orc comes into view. It is wielding a hand axe.
The orc shouts!
The orc moves out of view. x2
An orc comes into view. It is wielding a morningstar.
The orc shouts!
Found an escape hatch in the floor.
You hit the orc wizard. You drain the orc wizard!
The orc wizard is heavily wounded.
The orc hits the plant with a hand axe.
The orc wizard misses the orc.
You hit the orc wizard but do no damage.
Your bite misses the orc wizard.
The orc wizard is heavily wounded.
The orc closely misses you. The orc hits you with a morningstar!
Found a robe.
You hit the orc wizard but do no damage.
The orc wizard is heavily wounded.
The orc hits you with a hand axe of electrocution.
You are electrocuted!
Ouch! That really hurt!
You die...

### ########
>..#......#
#.#.####.#
.#. ..o...#.#
[....#o##)#)#
#.P≈≈Po@....#
≈PP≈P.o##.#.#
.P≈≈≈PP #.#†#
P≈≈♣≈≈. ..#.#
P♣ ♣≈≈P..##.#
♣≈≈≈P.##.#
P♣♣≈PP...#
PPPP♣P≈##.#
PP≈♣PP#.#


You could see an orc wizard (confused) and 3 orcs.

Vanquished Creatures
  An ooze (D:2)
  A dart slug (D:1)
  2 leopard geckos (D:1)
  6 orcs (D:3)
  A giant cockroach (D:1)
  4 goblins
  2 hobgoblins
  2 bats (D:1)
  8 frilled lizards
  A kobold (D:2)
  A rat (D:2)
29 creatures vanquished.

Notes
Turn   | Place    | Note
-------+----------+-------------------------------------------
     0 | D:1      | letownia2 the Vine Stalker Wizard began the quest for the Orb.
     0 | D:1      | Reached XP level 1. HP: 9/9 MP: 5/5
   213 | D:1      | Reached XP level 2. HP: 12/13 MP: 2/7
   552 | D:2      | Noticed a scorpion
   605 | D:2      | Reached XP level 3. HP: 16/16 MP: 5/8
   610 | D:2      | Learned a level 3 spell: Mephitic Cloud
   614 | D:2      | Learned a level 3 spell: Conjure Flame
   734 | D:3      | Found a sparkling altar of Nemelex Xobeh.
  1139 | D:3      | Mangled by an orc

Skill      XL: |  1 |
---------------+----+-----
Conjurations   | 2 |  2.9
Armour         | |  0.2
Dodging        | |  1.5
Stealth        | |  2.4
Spellcasting   | |  3.2
Summonings     | |  1.0
Translocations | |  1.0
Fire Magic     | |  0.3
Air Magic      | |  0.5
Poison Magic   | |  0.3

Action                   || total
-------------------------++-------
Melee: Dagger            ||    28
       Bite              ||     4
 Cast: Magic Dart        ||    53
       Mephitic Cloud    ||     2
  Eat: Chunk             ||     1
Armor: Robe              ||     2
       Ring mail         ||     4
Dodge: Dodged            ||    16
